cohdb
Replays
Latest Replays
All Replays
Popular Replays
Top Player Replays
Match Explorer
How It Works
Community
CoH3 Stats
Reddit
Sign in to upload your games and track your stats! →
Sign in with Steam
Match 37347132
Unlisted
Match 37347132
Overview
Messages
Build Orders
End
Construct Section Command Post
Construct Section Command Post
Infantry Section
ML 3-inch Mortar Team
Infantry Section
Infantry Section
Construct Platoon Command Post
6-pounder Anti-tank Gun Team
CMP 15cwt Truck
Selects Air and Sea Battlegroup
Selects Commando Section Paradrop
Selects Commando Support Section Paradrop
Commando Support Section Paradrop
Commando Section Paradrop
ShadowAegis113
LightingTuna
CPU - VERY EASY
xjxyGL
孙笑川258
zaqqaz
FRED
Comrade Luigi
0
0
Comments
sign in to comment!
No comments posted yet!